 Dungeon Sprint DCSS version 0.31-a0-931-g7b59d4eb97 (webtiles) character file.

Game seed: 1954828444291951638

42 rocky1 the Basher (level 6, 0/40 HPs)
             Began as a Gargoyle Gladiator on Oct 20, 2023.
             Was an Initiate of Gozag.
             Slain by a tarantella (14 damage)
             ... in the Dungeon (Sprint VI: "Thunderdome").
             The game lasted 00:02:17 (305 turns).

rocky1 the Basher (Gargoyle Gladiator)               Turns: 305, Time: 00:02:18

Health: 0/40       AC:  8    Str: 19    XL:     6   Next: 10%
Magic:  6/6        EV: 13    Int:  9    God:    Gozag
Gold:   649        SH:  0    Dex: 11    Spells: 5/5 levels left

rFire   . . .        a - +0 flail
rCold   . . .        (no shield)
rNeg    + . .        b - +0 leather armour
rPois   ∞            c - +0 helmet
rElec   +            (no cloak)
rCorr   .            (no gloves)
SInv    .            (no boots)
Will    .....        (no amulet)
Stlth   +            (no ring)
HPRegen 0.26/turn    (no ring)
MPRegen 0.10/turn

%: no teleportation
@: confused
A: sickness immunity, AC +4, negative energy resistance 1, electricity
resistance, torment resistance 1, petrification resistance
a: Renounce Religion, Potion Petition, Call Merchant, Bribe Branch


You were in the Dungeon.
You worshipped Gozag.
Gozag was pleased with you.
You visited 1 branch You collected 649 gold pieces.

Inventory:

Hand Weapons
 a - a +0 flail (weapon)
Missiles
 d - 3 throwing nets
 e - a javelin
Armour
 b - a +0 leather armour (worn)
 c - a +0 helmet (worn)
Wands
 m - a wand of acid (4) (quivered)
 n - a wand of iceblast (1)
Scrolls
 k - 4 scrolls of blinking
 o - 3 scrolls of fog
Potions
 f - a potion of curing
 g - 3 potions of heal wounds
 h - 4 potions of haste
 i - 2 potions of magic
 l - a potion of resistance


   Skills:
 + Level 5.0 Fighting
 + Level 8.1 Maces & Flails
 + Level 3.6 Throwing
 + Level 2.6 Armour
 + Level 6.5 Dodging
 + Level 0.7 Evocations


You had 5 spell levels left.
You didn't know any spells.
Your spell library was empty.

Dungeon Overview and Level Annotations

Branches:
Dungeon (1/1)

Altars:
Cheibriados
Dithmenos
Fedhas
Gozag
Kikubaaqudgha
Makhleb
Okawaru
Qazlal
Ru
Sif Muna
Trog
Uskayaw
Vehumet
Wu Jian
Xom
Yredelemnul
Zin
The Shining One
Lugonu

Shops:
D *[=??*?*:[((!!!!


Innate Abilities, Weirdness & Mutations

You are immune to sickness and miasma.
Your stone body is resilient. (AC +4)
You are immune to poison.
You resist negative energy. (rN+)
You are resistant to electric shocks. (rElec)
You are resistant to unholy torment.
You are immune to petrification.


Message History

You can move again.
You hit Grinder.
Grinder is moderately wounded.
Time's up!
The arena falls silent.
Victory!
Score multiplier: 3x You now have 42 arena points (gained 30).
You start resting.
You feel less wooden.
Your +0 helmet unmelds from your body.
Your +0 leather armour unmelds from your body.
You start resting.
Get ready!
You now have 544 gold pieces (gained 117).
ROUND 3!
FIGHT!
You now have 604 gold pieces (gained 60).
You now have 649 gold pieces (gained 45).
A tarantella comes into view.
The tarantella's many legs skitter faintly.
You see here 54 gold pieces.
There are no items here.
Unknown command.
Aiming: Corrosive Bolt
Press: ? - help, Q - select action, (/) - cycle Shift-Dir - straight line, f - tarantella
Aim: a tarantella (57% to hit)
The bolt of acid hits the tarantella!
The acid corrodes the tarantella!
The tarantella is heavily wounded.
Unknown command.
You closely miss the tarantella.
The tarantella is heavily wounded.
The tarantella touches you.
You are confused.
The tarantella barely misses you.
You bump into the stone wall.
The tarantella touches you!
You barely miss the tarantella.
The tarantella is moderately wounded.
The tarantella touches you!
You die...
Your body crumbles into a pile of gold.

##∩.....∩## #∩.......∩#
#_......._# #_......._#
#_......._# ###.........###
#⌠...........⌠#
####.8.........8s######
__.......###....@$.__∩##
.......8.# #.8........∩###
.........###.............##
......###...###.........[⌠#
......# #.<.# #........[.⌠#
......###...###..........⌠#
.........###.............##
.......8.# #.8........∩###
___......###..[...___∩##


You could see a tarantella (corroded).

Vanquished Creatures
  An orc warrior (D)
  2 quasits (D)
  An orc priest (D)
  2 orc wizards (D)
  A white imp (D)
  An ufetubus (D)
  An orc (D)
9 creatures vanquished.

Notes
Turn   | Place    | Note
-------+----------+-------------------------------------------
     0 | D        | rocky1 the Gargoyle Gladiator began the quest for the Orb.
     0 | D        | Reached XP level 1. HP: 12/12 MP: 1/1
     3 | D        | Found a glowing golden altar of the Shining One.
     4 | D        | Found a shadowy altar of Dithmenos.
     4 | D        | Found a stormy altar of Qazlal.
     5 | D        | Found an iron altar of Okawaru.
     5 | D        | Round 1.
     6 | D        | Found Qiapuhen's Timeless Talismans.
     6 | D        | Found a shimmering altar of Xom.
     6 | D        | Found a hide-covered altar of Uskayaw.
     6 | D        | Found Joyhapp's Identification Station.
     7 | D        | Found Zojocw's Jewellery.
     7 | D        | Found Gut Asu's Advanced Armour.
     9 | D        | Found a shimmering blue altar of Sif Muna.
    10 | D        | Found Yvomat's Magic Scroll Shop.
    11 | D        | Found a blossoming altar of Fedhas.
    11 | D        | Found a glowing silver altar of Zin.
    11 | D        | Found a sacrificial altar of Ru.
    11 | D        | Found Gulecwik's Staff Store.
    11 | D        | Found Pet Ylurgh's Magic Scroll Shop.
    11 | D        | Found Bewoahux's Must-Have Magic.
    16 | D        | Found a basalt altar of Yredelemnul.
    17 | D        | Found an ornate altar of the Wu Jian Council.
    18 | D        | Found Acunoc's Distillery.
    18 | D        | Found a radiant altar of Vehumet.
    18 | D        | Found a bloodstained altar of Trog.
    18 | D        | Found a burning altar of Makhleb.
    18 | D        | Found Xeil's Do-It-Yourself Clinic.
    19 | D        | Found Liacaal's Distillery.
    19 | D        | Found Foemn's Bottled Wisdom.
    24 | D        | Found a snail-covered altar of Cheibriados.
    25 | D        | Found an opulent altar of Gozag.
    26 | D        | Found a corrupted altar of Lugonu.
    27 | D        | Found an ancient bone altar of Kikubaaqudgha.
    27 | D        | Found Nuosmoom's Weapon Rack.
    27 | D        | Found Luzeent's Premium Goods.
    28 | D        | Found Deaceres's Basic Armour.
    28 | D        | Found Ydoapn's Miscellaneous Merchandise.
    39 | D        | Became a worshipper of Gozag Ym Sagoz the Greedy
    44 | D        | Noticed an orc wizard
    52 | D        | Killed an orc wizard
    53 | D        | Reached skill level 4 in Maces & Flails
    53 | D        | Reached XP level 2. HP: 17/19 MP: 2/2
    53 | D        | Reached XP level 3. HP: 21/23 MP: 3/3
   133 | D        | Noticed an orc warrior
   141 | D        | Reached skill level 5 in Maces & Flails
   142 | D        | Reached XP level 4. HP: 22/29 MP: 4/4
   149 | D        | Killed an orc warrior
   149 | D        | Arena points: 12 (+12) [x2]
   150 | D        | Reached skill level 7 in Maces & Flails
   150 | D        | Reached skill level 5 in Dodging
   150 | D        | Reached XP level 5. HP: 12/34 MP: 5/5
   205 | D        | Round 2.
   210 | D        | Noticed Grinder
   210 | D        | Paralysed by Grinder for 4 turns
   263 | D        | Reached skill level 8 in Maces & Flails
   263 | D        | Reached XP level 6. HP: 20/40 MP: 6/6
   265 | D        | Reached skill level 5 in Fighting
   273 | D        | Paralysed by Grinder for 4 turns
   277 | D        | Arena points: 42 (+30) [x3]
   292 | D        | Round 3.
   298 | D        | Noticed a tarantella
   305 | D        | Slain by a tarantella

Illustrated notes

Levels and vault maps discovered:
D:        arena_sprint

Skill      XL: |  1  2  3  4  5  6 |
---------------+-------------------+-----
Fighting       | 3 4 5 |  5.0
Maces & Flails | 4 5 7 8 |  8.1
Throwing       | 2 3 |  3.6
Dodging        | 3 4 5 6 |  6.5
Armour         | 2 |  2.6
Evocations     | |  0.7

Action                     |  1- 3 |  4- 6 || total
---------------------------+-------+-------++-------
  Melee: Flail             |     9 |    29 ||    38
         Unarmed           |       |     4 ||     4
  Evoke: Wand              |     2 |     3 ||     5
    Use: Potion            |       |     2 ||     2
 Armour: Leather armour    |     6 |    29 ||    35
         Skin              |       |    16 ||    16
  Dodge: Dodged            |    16 |    42 ||    58

Table legend: (Time is in decaauts)
 A = Elapsed time spent in this place.
 B = Non-inter-level travel time spent in this place.
 C = Inter-level travel time spent in this place.
 D = Time resting spent in this place.
 E = Time spent auto-exploring this place.
 F = Levels seen in this place.
 G = Mean time per level.
                   A        B        C        D        E       F      G
               +--------+--------+--------+--------+--------+-----+--------+
         Total |    309 |    309 |      0 |     60 |     38 |   1 |  309.0 |
       Dungeon |    309 |    309 |      0 |     60 |     38 |   1 |  309.0 |
               +--------+--------+--------+--------+--------+-----+--------+

Top non-repeatable levels by time:
       D: 309 daAuts
